 Dungeon Crawl Stone Soup version 0.31-a0-664-g902f515a81 (webtiles) character file.

Game seed: 15813466930588805652

18079 Armakuni the Mender (level 12, -1/86 HPs)
             Began as a Human Artificer on Sept 2, 2023.
             Was a Priest of Elyvilon.
             Slain by a polar bear (5 damage)
             ... on level 2 of the Lair of Beasts.
             The game lasted 00:34:45 (11535 turns).

Armakuni the Mender (Human Artificer)              Turns: 11535, Time: 00:34:45

Health: -1/86      AC:  9    Str: 16    XL:     12   Next: 90%
Magic:  7/7        EV: 12    Int: 15    God:    Elyvilon [***...]
Gold:   1058       SH:  3    Dex: 10    Spells: 10/11 levels left

rFire   + + +        a - +8 flail of Sloth {antimagic, rF++}
rCold   + . .        F - +0 buckler
rNeg    + + .        d - +0 troll leather armour
rPois   +            u - +0 helmet
rElec   +            m - +1 cloak
rCorr   .            q - +0 pair of gloves
SInv    .            t - +0 pair of boots
Will    +....        R - amulet of Freedom {Contam rPois rN++ Regen+ Int+2}
Stlth   +            E - ring of Boano {rElec rF+ rC+ Will+ Dex-4}
HPRegen 1.94/turn    S - +4 ring of slaying
MPRegen 0.10/turn

%: no passive effects
@: studying Fighting
A: no striking features
a: Renounce Religion, Purification, Heal Other, Heal Self


You were on level 2 of the Lair of Beasts.
You worshipped Elyvilon.
Elyvilon was most pleased with you.
You visited 3 branches of the dungeon, and saw 14 of its levels.
You also visited: Trove, Bailey and Volcano.

You collected 1058 gold pieces.

Inventory:

Hand Weapons
 a - the +8 flail of Sloth (weapon) {antimagic, rF++}
   (You found it on level 11 of the Dungeon)

   rF++:      It greatly protects you from fire.
 b - a +1 eveningstar of freezing
Armour
 c - the +1 pair of gloves "Zyinosoe" {-Tele rC+ Regen+ Str+2}
   (You acquired it on level 6 of the Dungeon)

   Str+2:     It affects your strength (+2).
   rC+:       It protects you from cold.
   -Tele:     It prevents most forms of teleportation.
   Regen+:    It increases your rate of health regeneration.
 d - a +0 troll leather armour (worn)
 m - a +1 cloak (worn)
 n - a +1 kite shield
 q - a +0 pair of gloves (worn)
 t - a +0 pair of boots (worn)
 u - a +0 helmet (worn)
 y - a +1 leather armour of fire resistance
 F - a +0 buckler (worn)
Magical Staves
 e - a staff of conjuration
Jewellery
 A - an amulet of the acrobat
 E - the ring of Boano (left hand) {rElec rF+ rC+ Will+ Dex-4}
   (You found it in a treasure trove)

   [ring of protection from cold]

   Dex-4:     It affects your dexterity (-4).
   rF+:       It protects you from fire.
   rC+:       It protects you from cold.
   rElec:     It insulates you from electricity.
   Will+:     It increases your willpower.
 I - a +6 ring of intelligence
 K - a ring of resist corrosion
 P - a ring of poison resistance
 R - the amulet of Freedom (around neck) {Contam rPois rN++ Regen+ Int+2}
   (You found it in a treasure trove)

   [amulet of regeneration]

   Int+2:     It affects your intelligence (+2).
   rPois:     It protects you from poison rN++: It greatly protects you from
   negative energy.
   Contam:    It causes magical contamination when unequipped.
   Regen+:    It increases your rate of health regeneration.
 S - a +4 ring of slaying (right hand)
Wands
 p - a wand of polymorph (3)
Scrolls
 f - a scroll of amnesia
 h - 2 scrolls of vulnerability
 k - 2 scrolls of immolation
 l - 3 scrolls of blinking
 s - a scroll of teleportation
 w - a scroll of enchant armour
 x - a scroll of enchant weapon {unknown}
 z - a scroll of noise
 D - a scroll of identify
 G - 2 scrolls of fog
Potions
 g - 2 potions of enlightenment
 i - a potion of mutation
 o - a potion of magic
 r - a potion of resistance {unknown}
 v - 4 potions of attraction
 B - 5 potions of haste
 C - 3 potions of brilliance


   Skills:
 - Level 5.0 Fighting
 - Level 5.2(8.3) Maces & Flails
 + Level 10.2(10.7) Staves
 - Level 5.0 Armour
 - Level 5.0 Dodging
 - Level 1.0 Stealth
 - Level 1.1 Shields
 - Level 12.4 Invocations
 - Level 10.0 Evocations


You had 10 spell levels left.
You knew the following spells:

 Your Spells              Type           Power      Damage    Failure   Level
z - Apportation           Tloc           0%         N/A       41%         1

Your spell library contained the following spells:

 Spells                   Type           Power      Damage    Failure   Level
 Magic Dart               Conj           0%         1d3       41%         1
 Necrotise                Necr           0%         1d4       41%         1
 Summon Small Mammal      Summ           0%         N/A       41%         1
 Ensorcelled Hibernation  Hex/Ice        0%         N/A       54%         2
 Passwall                 Tmut/Erth      0%         N/A       54%         2
 Searing Ray              Conj           0%         2d4       54%         2
 Sublimation of Blood     Necr           0%         N/A       54%         2
 Wereblood                Tmut           0%         N/A       54%         2
 Inner Flame              Hex/Fire       0%         N/A       78%         3
 Swiftness                Air            0%         N/A       78%         3
 Fulminant Prism          Conj/Hex       0%         3d5       99%         4
 Summon Forest            Summ/Tloc      0%         N/A       100%        5
 Yara's Violent Unravell  Hex/Tmut       0%         3d3       100%        5
 Eringya's Noxious Bog    Tmut/Pois      0%         4d6       100%        6
 Enfeeble                 Hex            0%         N/A       100%        7
 Summon Hydra             Summ           0%         N/A       100%        7


Dungeon Overview and Level Annotations

Branches:
Dungeon (11/15)            Temple (1/1) D:5            Lair (2/5) D:11
 Bailey (visited)         Volcano (visited)
  Swamp: Lair:2-3    Shoals: Lair:2-3     Snake: Lair:2-3    Spider: Lair:2-3
    Orc: D:9-12

Altars:
Ashenzari
Cheibriados
Dithmenos
Elyvilon
Fedhas
Gozag
Hepliaklqana
Kikubaaqudgha
Makhleb
Nemelex Xobeh
Okawaru
Qazlal
Ru
Sif Muna
Trog
Uskayaw
Vehumet
Wu Jian
Xom
Yredelemnul
Zin
The Shining One

Annotations:
D:5 3 runed translucent doors, Gazhole's ghost, novice MiGl


Message History

The polar bear is almost dead.
The polar bear bites you. The polar bear barely misses you.
The polar bear claws you but does no damage.
The polar bear bites you! The polar bear barely misses you. x2
You hit the polar bear but do no damage.
The polar bear is almost dead.
The polar bear bites you!
* * * LOW HITPOINT WARNING * * *
The polar bear claws you.
* * * LOW HITPOINT WARNING * * *
The polar bear barely misses you.
You sock the polar bear!
The polar bear is almost dead.
You block the polar bear's attack. The polar bear barely misses you.
The polar bear claws you.
* * * LOW HITPOINT WARNING * * *
The polar bear bites you!
* * * LOW HITPOINT WARNING * * *
The polar bear barely misses you.
The polar bear claws you but does no damage.
You feel much better. The polar bear closely misses you.
The polar bear claws you but does no damage.
The polar bear closely misses you.
You barely miss the polar bear.
The polar bear is almost dead.
The polar bear bites you! The polar bear claws you.
* * * LOW HITPOINT WARNING * * *
The polar bear claws you.
* * * LOW HITPOINT WARNING * * *
The polar bear bites you!
* * * LOW HITPOINT WARNING * * *
The polar bear claws you.
* * * LOW HITPOINT WARNING * * *
The polar bear claws you but does no damage.
You barely miss the polar bear.
The polar bear is almost dead.
The polar bear bites you but does no damage.
The polar bear claws you but does no damage.
The polar bear claws you.
You die...

..#..# #....###
.}#...# .....#
##.....# ..#...#
......
#...#.##....#
..#...
#....#...#.#
..P...#
##.P.#.....#
.......
.....##..###
..##..##..#..##..#
..P....###.#.###h#
..P... ##.# #@#
..# # ### .###..#
....... .##..#P
....... ....##.
.#..... .......


You could see a polar bear (berserk).

Vanquished Creatures
  A two-headed ogre (D:10)
  A centaur warrior (D:11)
  A hell knight (Volcano)
  A moth of wrath (Volcano)
  A black mamba (Lair:1)
  2 cane toads (Lair:1)
  4 komodo dragons
  A yaktaur (Volcano)
  4 trolls
  2 polar bears (Lair:2)
  A blink frog (D:9)
  Prince Ribbit (D:7)
  Sigmund (D:2)
  4 wyverns
  A human (D:11)
  10 yaks (Lair:1)
  4 basilisks
  A steam dragon (D:6)
  6 water moccasins
  7 orc warriors
  3 black bears
  A swamp drake (D:11)
  A sky beast (D:7)
  5 centaurs
  2 phantoms
  A lemure (D:4)
  2 kobold brigands
  A bullfrog (Lair:1)
  A gnoll sergeant (D:8)
  2 scorpions (D:4)
  11 wights
  A howler monkey (D:11)
  2 hounds
  2 gnoll boudas
  6 orc priests
  A sleepcap (D:4)
  2 iguanas
  12 orc wizards
  11 gnolls
  5 adders
  A white imp (D:7)
  3 ufetubi
  5 worms
  4 dart slugs
  29 orcs
  2 bats (D:2)
  3 endoplasms
  3 giant cockroaches
  10 goblins
  6 hobgoblins
  4 jackals
  4 quokkas
  12 ball pythons
  3 frilled lizards
  21 kobolds
  3 rats
239 creatures vanquished.

Vanquished Creatures (collateral kills)
  Pikel (D:5)
  An orc warrior (Bailey)
  A gnoll (D:4)
  A goblin (D:10)
4 creatures vanquished.

Vanquished Creatures (others)
  An orc warrior (Bailey)
  A scorpion (D:5)
  2 wights (D:6)
  A gnoll (D:4)
5 creatures vanquished.

Grand Total: 248 creatures vanquished

Notes
Turn   | Place    | Note
-------+----------+-------------------------------------------
     0 | D:1      | Armakuni the Human Artificer began the quest for the Orb.
     0 | D:1      | Reached XP level 1. HP: 15/15 MP: 1/1
    64 | D:1      | Reached skill level 1 in Maces & Flails
    64 | D:1      | Reached XP level 2. HP: 6/21 MP: 2/2
   318 | D:1      | Reached XP level 3. HP: 26/26 MP: 3/3
  1198 | D:2      | Reached XP level 4. HP: 32/32 MP: 4/4
  1338 | D:2      | Noticed Sigmund
  1345 | D:2      | Killed Sigmund
  1346 | D:2      | Reached skill level 5 in Maces & Flails
  1346 | D:2      | Reached XP level 5. HP: 38/38 MP: 5/5
  1346 | D:2      | Reached XP level 6. HP: 44/44 MP: 6/6
  2479 | D:4      | Noticed an orc warrior
  2482 | D:4      | Killed an orc warrior
  2483 | D:4      | Reached XP level 7. HP: 54/54 MP: 7/7
  2623 | D:4      | Reached skill level 5 in Fighting
  3281 | D:5      | Entered Level 5 of the Dungeon
  3323 | D:5      | Found a white marble altar of Elyvilon.
  3352 | D:5      | Found a runed translucent gate.
  3353 | D:5      | Found a runed translucent gate.
  3361 | D:5      | Reached XP level 8. HP: 57/62 MP: 8/8
  3386 | D:5      | Noticed Pikel
  3388 | D:5      | Found a staircase to the Ecumenical Temple.
  3613 | Temple   | Entered the Ecumenical Temple
  3844 | D:5      | Found a runed translucent gate.
  3848 | D:5      | Noticed Gazhole's ghost (novice MiGl)
  3930 | D:5      | Killed Pikel
  3931 | D:5      | Reached skill level 5 in Dodging
  3931 | D:5      | Reached skill level 5 in Evocations
  3977 | D:5      | You fall into a shaft and drop 2 floors!
  4303 | D:6      | Reached XP level 9. HP: 51/65 MP: 9/9
  4311 | D:6      | Reached skill level 5 in Armour
  4591 | D:6      | Identified a scroll of acquirement
  4591 | D:6      | Acquired the +1 pair of gloves "Zyinosoe" {-Tele rC+ Regen+
                  | Str+2}
  4784 | D:5      | Became a worshipper of Elyvilon the Healer
  4902 | D:6      | Identified the +0 robe of Gestures {Harm rF- rN+++ Dex-4}
  4946 | D:6      | Gained mutation: You are robust. (+10% HP) [potion of
                  | mutation]
  4946 | D:6      | Lost mutation: You are robust. (+10% HP) [potion of
                  | mutation]
  5428 | D:7      | Reached * piety under Elyvilon
  5455 | D:7      | Reached skill level 1 in Shields
  5562 | D:7      | Reached skill level 1 in Invocations
  5602 | D:7      | Reached skill level 2 in Invocations
  5647 | D:7      | Reached skill level 3 in Invocations
  5677 | D:7      | Reached skill level 4 in Invocations
  5686 | D:7      | Acquired a staff of conjuration
  5746 | D:7      | Noticed Prince Ribbit
  5757 | D:7      | Killed Prince Ribbit
  5897 | D:8      | Reached skill level 5 in Invocations
  5899 | D:8      | Learned a level 1 spell: Apportation
  5949 | D:8      | Identified the +2 robe "Udir" {Dex+2}
  6124 | D:8      | Reached ** piety under Elyvilon
  6215 | D:8      | Reached skill level 6 in Invocations
  6215 | D:8      | Reached XP level 10. HP: 74/74 MP: 14/14
  6709 | D:9      | Found an ornate altar of the Wu Jian Council.
  6709 | D:9      | Found a bloodstained altar of Trog.
  6716 | D:9      | Found a stormy altar of Qazlal.
  6718 | D:9      | Found a sacrificial altar of Ru.
  6720 | D:9      | Found a basalt altar of Yredelemnul.
  6911 | D:9      | Noticed Erolcha
  6924 | D:9      | Erolcha changed into Erolcha the blink frog
  6924 | D:9      | Noticed Erolcha
  6939 | D:9      | Killed Erolcha the blink frog
  6940 | D:9      | Reached skill level 7 in Invocations
  7143 | D:9      | Noticed a two-headed ogre
  7246 | D:8      | Reached skill level 8 in Invocations
  7654 | D:10     | Entered Level 10 of the Dungeon
  7668 | D:10     | Found a flagged portal.
  7669 | D:10     | Noticed a two-headed ogre
  7670 | D:10     | Reached *** piety under Elyvilon
  7736 | D:10     | HP: 1/72 [two-headed ogre/+0 giant club (9)]
  7737 | D:10     | Killed a two-headed ogre
  7738 | D:10     | Reached skill level 9 in Invocations
  7778 | Bailey   | Entered a bailey
  8456 | Bailey   | Noticed an orc knight
  8464 | Bailey   | Reached skill level 10 in Invocations
  8471 | Bailey   | Identified the +4 triple crossbow "Baul" {freeze, rPois
                  | Int+4 SInv}
  8498 | D:10     | Reached skill level 12 in Invocations
  8498 | D:10     | Reached XP level 11. HP: 79/79 MP: 17/20
  8737 | D:10     | Reached skill level 1 in Staves
  8837 | D:10     | Found a portal to a secret trove of treasure.
  8848 | Trove    | Entered a treasure trove
  8867 | Trove    | Identified the +5 scimitar of Arbitration {freeze, rF+}
  8896 | Trove    | Identified the amulet of Freedom {Contam rPois rN++ Regen+
                  | Int+2}
  8898 | Trove    | Identified the ring of Boano {rElec rF+ rC+ Will+ Dex-4}
  9291 | D:11     | Identified the +8 flail of Sloth {antimagic, rF++}
  9450 | D:11     | Reached skill level 10 in Evocations
  9577 | D:11     | Noticed a centaur warrior
  9590 | D:11     | Killed a centaur warrior
  9626 | D:11     | Reached XP level 12. HP: 65/86 MP: 7/21
  9927 | D:11     | Reached skill level 5 in Staves
 10025 | D:11     | Found a staircase to the Lair.
 10098 | Lair:1   | Entered Level 1 of the Lair of Beasts
 10656 | Lair:1   | Found a dark tunnel.
 10663 | Volcano  | Entered a volcano
 10678 | Volcano  | Noticed a centaur warrior
 10679 | Volcano  | a centaur warrior changed into a moth of wrath
 10773 | Volcano  | Noticed a hell knight
 10785 | Volcano  | Killed a hell knight
 11442 | Lair:2   | Reached skill level 10 in Staves
 11534 | Lair:2   | HP: 3/86 [polar bear (17)]
 11535 | Lair:2   | Slain by a polar bear

Illustrated notes

Levels and vault maps discovered:
D:1:      minmay_arrival_four_loops, layout_loops_ring, minmay_misc_feat_doors,
          nicolae_grassy_gnolls
D:2:      layout_loops_ring, uniq_sigmund
D:3:      layout_basic
D:4:      layout_loops_ring, kennysheep_generic_room_12
D:5:      layout_rooms, mainiacjoe_overflow_surrounded_room, temple_fountains,
          ebering_ghost_rock_garden, minivault_23, uniq_pikel
D:6:      layout_loops_cross, chequers_serial_rivers_micro_c
D:7:      layout_loops_ring, uniq_prince_ribbit1
D:8:      layout_basic
D:9:      layout_grid_maze, chequers_temple_overflow_minitemple,
          kennysheep_generic_room_15, uniq_erolcha
D:10:     layout_loops_cross, enter_bailey_5, nicolae_trove_entry_crossroad
D:11:     minmay_goldmine, layout_rooms, erik_lair_dragon,
          nicolae_elevator_lobby_plus
Temple:   regret_index_temple_sphere_string
Lair:1:   layout_gridlike, enter_volcano_2, serial_bayou_shore_b,
          grunt_megastairs_4, serial_bayou_shore_b, lemuel_fruit_tree,
          serial_bayou_shore_b
Lair:2:   beast_lair_carwin_large_3, layout_gridlike

Skill      XL: |  1  2  3  4  5  6  7  8  9 10 11 12 |
---------------+-------------------------------------+-----
Maces & Flails | 1 2 3 5 |  5.2
Fighting       | 2 4 5 |  5.0
Dodging        | 2 5 |  5.0
Evocations     | 4 5 6 9 10 | 10.0
Armour         | 4 5 |  5.0
Shields        | 1 |  1.1
Invocations    | 6 12 | 12.4
Staves         | 4 10 | 10.2
Stealth        | |  1.0

Action                     |  1- 3 |  4- 6 |  7- 9 | 10-12 || total
---------------------------+-------+-------+-------+-------++-------
  Melee: Whip              |       |    67 |   354 |   109 ||   530
         Punch             |       |       |     4 |       ||     4
         Mace              |       |       |       |    83 ||    83
         Flail             |       |       |       |   308 ||   308
         Eveningstar       |       |       |       |    20 ||    20
   Fire: Sling             |   117 |    21 |       |       ||   138
  Throw: Throwing net      |       |       |       |     6 ||     6
 Invoke: Purification      |       |       |       |     4 ||     4
         Heal Self         |       |       |       |     3 ||     3
  Evoke: Wand              |     3 |     9 |    23 |    18 ||    53
    Use: Scroll            |       |     7 |    10 |     9 ||    26
         Potion            |       |       |     7 |    14 ||    21
   Stab: Sleeping          |       |       |     1 |       ||     1
         Invisible         |       |       |       |     1 ||     1
         Held in net/web   |       |       |       |     2 ||     2
 Armour: Leather armour    |    46 |    32 |   120 |       ||   198
         Ring mail         |       |       |    82 |   238 ||   320
         Troll leather arm |       |       |       |   330 ||   330
  Dodge: Dodged            |    36 |    41 |   262 |   387 ||   726
  Block: Buckler           |       |       |       |    89 ||    89

Table legend: (Time is in decaauts)
 A = Elapsed time spent in this place.
 B = Non-inter-level travel time spent in this place.
 C = Inter-level travel time spent in this place.
 D = Time resting spent in this place.
 E = Time spent auto-exploring this place.
 F = Levels seen in this place.
 G = Mean time per level.
                   A        B        C        D        E       F      G
               +--------+--------+--------+--------+--------+-----+--------+
         Total |  11619 |  11262 |    357 |   1325 |   6678 |  17 |  683.5 |
       Dungeon |   9187 |   8854 |    333 |    644 |   5756 |  11 |  835.2 |
        Temple |    139 |    139 |      0 |    133 |      0 |   1 |  139.0 |
          Lair |   1252 |   1228 |     24 |     55 |    817 |   2 |  626.0 |
         Trove |    114 |    114 |      0 |      0 |     17 |   1 |  114.0 |
        Bailey |    719 |    719 |      0 |    493 |     75 |   1 |  719.0 |
       Volcano |    205 |    205 |      0 |      0 |     13 |   1 |  205.0 |
               +--------+--------+--------+--------+--------+-----+--------+

Top non-repeatable levels by time:
  Lair:1: 1078 daAuts
     D:6: 1013 daAuts
     D:1: 999 daAuts
     D:4: 941 daAuts
     D:9: 924 daAuts
    D:10: 852 daAuts
    D:11: 839 daAuts
     D:8: 835 daAuts
     D:7: 785 daAuts
     D:3: 757 daAuts
     D:2: 725 daAuts
  Bailey: 719 daAuts
     D:5: 514 daAuts
 Volcano: 205 daAuts
  Lair:2: 173 daAuts
